 Dungeon Crawl Stone Soup version 0.29-a0-284-gf9362112df (webtiles) character file.

Game seed: 1584480610129426960

5317 sammy202020 the Fighter (level 10, -5/67 HPs)
             Began as a Gargoyle Berserker on Mar 16, 2022.
             Was an Elder of Trog.
             Slain by a troll (12 damage)
             ... summoned by an orange crystal statue
             ... on level 9 of the Dungeon.
             The game lasted 00:15:30 (8729 turns).

sammy202020 the Fighter (Gargoyle Berserker)        Turns: 8729, Time: 00:15:34

Health: -5/67      AC: 30    Str: 20    XL:     10   Next: 64%
Magic:  2/10       EV: 12    Int: 13    God:    Trog [****..]
Gold:   520        SH:  0    Dex: 15    Spells: 9/9 levels left

rFire   + . .      SeeInvis .   v - +5 dire flail "Gecem" {vamp, rF+ Stlth+}
rCold   + . .      Faith    .   (shield currently unavailable)
rNeg    + . .      Spirit   .   j - +7 Kryia's mail coat {PotionHeal*2 rC+}
rPois   ∞          Reflect  .   p - +0 helmet
rElec   +          Harm     .   f - +0 cloak
rCorr   .          Rampage  .   x - +0 pair of gloves
Will    ++...                   y - +2 pair of boots "Buirch" {+Blink rElec}
Stlth   +.........              (no amulet)
HPRegen 1.21/turn               l - ring of flight
MPRegen 0.12/turn               r - +6 ring of dexterity

@: strong-willed, on berserk cooldown, flying, regenerating, slowed, very slow
A: sickness immunity, AC +7, negative energy resistance 1, electricity
resistance, torment resistance 1, petrification resistance
a: Renounce Religion, Evoke Blink, Berserk, Trog's Hand, Brothers in Arms


You were on level 9 of the Dungeon.
You worshipped Trog.
Trog was greatly pleased with you.
You visited 2 branches of the dungeon, and saw 10 of its levels.

You collected 520 gold pieces.

Inventory:

Hand Weapons
 a - a +1 mace of venom
 e - a +0 flail
 v - the +5 dire flail "Gecem" (weapon) {vamp, rF+ Stlth+}
   (You took it off an ogre on level 4 of the Dungeon)

   It occasionally heals its wielder for a portion of the damage dealt when it
   wounds a living foe.
   rF:        It protects you from fire.
   Stlth:     It makes you more stealthy.
Missiles
 k - 11 atropa-tipped darts (quivered)
 o - 9 poisoned darts
 w - 3 javelins
 A - 9 boomerangs
Armour
 d - a +0 chain mail
 f - a +0 cloak (worn)
 j - the +7 Kryia's mail coat (worn) {PotionHeal*2 rC+}
   (You found it on level 3 of the Dungeon)

   Potions are twice as effective at healing its wearer.
   rC:        It protects you from cold.
 p - a +0 helmet (worn)
 x - a +0 pair of gloves (worn)
 y - the +2 pair of boots "Buirch" (worn) {+Blink rElec}
   (You acquired it on level 7 of the Dungeon)

   rElec:     It insulates you from electricity.
   +Blink:    It lets you blink.
 J - the +0 cloak of Sajoig {Harm Rampage Str+3 Int+3}
   (You found it on level 9 of the Dungeon)

   Str:       It affects your strength (+3).
   Int:       It affects your intelligence (+3).
   Harm:      It increases damage dealt and taken.
   Rampage:   It bestows one free step when moving towards enemies.
Jewellery
 l - a ring of flight (left hand)
 r - a +6 ring of dexterity (right hand)
 L - the ring of Eliffin {rPois Int+5}
   (You found it on level 9 of the Dungeon)

   [ring of poison resistance]

   Int:       It affects your intelligence (+5).
   rPois:     It protects you from poison.
Wands
 q - a wand of paralysis (9)
 t - a wand of flame (17)
Scrolls
 i - a scroll of brand weapon
 u - a scroll of fog
 B - a scroll of magic mapping
 E - 2 scrolls of noise {unknown}
 F - a scroll of enchant weapon
 H - 2 scrolls of blinking {unknown}
 I - a scroll of identify
Potions
 b - 3 potions of magic
 c - 5 potions of curing
 g - a potion of mutation
 h - 3 potions of heal wounds {unknown}
 m - 2 potions of cancellation
 n - a potion of flight {unknown}
 s - a potion of haste {unknown}
 z - 2 potions of might {unknown}
 C - a potion of attraction {unknown}
 D - a potion of resistance {unknown}
 G - a potion of lignification {unknown}
Miscellaneous
 K - a condenser vane


   Skills:
 * Level 9.7 Fighting
 * Level 8.9 Maces & Flails
 * Level 9.4 Armour
 + Level 5.0 Dodging


You had 9 spell levels left.
You didn't know any spells.
Your spell library was empty.

Dungeon Overview and Level Annotations

Branches:
Dungeon (9/15)             Temple (1/1) D:6
   Lair: D:8-11         Orc: D:9-12

Altars:
Ashenzari
Cheibriados
Dithmenos
Elyvilon
Fedhas
Makhleb
Nemelex Xobeh
Okawaru
Qazlal
Ru
Sif Muna
Trog
Uskayaw
Vehumet
Wu Jian
Xom
Yredelemnul
Zin
The Shining One

Annotations:
D:9 exclusion: orange crystal statue


Innate Abilities, Weirdness & Mutations

You are immune to sickness and miasma.
Your stone body is resilient. (AC +7)
You are immune to poison.
You resist negative energy. (rN+)
You are resistant to electric shocks. (rElec)
You are resistant to unholy torment.
You are immune to petrification.


Message History

The hornet stings you.
You closely miss the hornet.
The hornet is moderately wounded.
The hornet closely misses you.
The hornet stings you but does no damage.
You bludgeon the hornet!!
You kill the hornet!
The hornet's corpse dissolves into shadows!
The wight barely misses you.
You thump the wight!
The wight is severely damaged.
The wight closely misses you.
You sock the wight!
You destroy the wight!
The wight dissolves into shadows!
You puncture the troll!
The troll is moderately wounded.
The troll barely misses you. The troll claws you but does no damage.
The troll closely misses you.
You puncture the troll!
The troll is severely wounded.
You feel the effects of Trog's Hand fading.
The troll bites you but does no damage. The troll misses you.
The troll claws you! The troll bites you!
* * * LOW HITPOINT WARNING * * *
The troll claws you.
* * * LOW HITPOINT WARNING * * *
The troll claws you but does no damage.
Your skin crawls.
You feel strong-willed. The troll bites you.
* * * LOW HITPOINT WARNING * * *
The troll misses you. The troll claws you but does no damage.
You sock the troll!
The troll is almost dead.
The troll barely misses you. The troll claws you but does no damage.
The troll claws you!
* * * LOW HITPOINT WARNING * * *
The troll bites you!
You die...

#. #.### . #.#.# ..
##...### ##..
##......## #..#
##....)}).#####..#
###....$###zzzT#..#
##.....:}#8#..##@.#
#...§...$###..##.....#
.........?.!.####.....#
..†..........# ......#
..§..........# .......
#............# .......
#.............# .......
####.........## ##....#
####....###


You could see a troll (summoned) and 3 wights.

Vanquished Creatures
  Pikel (D:4)
  Maurice (D:8)
  A hornet (D:9)
  3 yaks (D:9)
  Eustachio (D:4)
  A steam dragon (D:6)
  A water moccasin (D:7)
  An ice beast (D:8)
  2 orc warriors
  A sky beast (D:7)
  A black bear (D:6)
  7 ogres
  2 centaurs
  A lemure (D:4)
  2 scorpions
  A gnoll sergeant (D:8)
  12 wights
  The ghost of sirJeffrey23 the Skirmisher, a weakling DsMo of Fedhas (D:4)
  12 killer bees
  3 electric eels (D:8)
  2 centaur zombies (D:8)
  A jelly (D:6)
  3 orc priests
  Crazy Yiuf (D:4)
  A gnoll shaman (D:5)
  5 iguanas
  2 orc wizards
  2 killer bee zombies (D:8)
  4 howler monkey zombies (D:8)
  Robin (D:4)
  11 gnolls
  7 adders
  An ufetubus (D:5)
  2 worms
  2 dart slugs
  23 orcs
  3 ball pythons
  11 endoplasms
  A giant cockroach (D:1)
  23 goblins
  7 hobgoblins
  3 quokkas
  3 frilled lizards
  6 kobolds
  2 rats (D:3)
182 creatures vanquished.

Notes
Turn   | Place    | Note
-------+----------+-------------------------------------------
     0 | D:1      | sammy202020 the Gargoyle Berserker began the quest for the
                  | Orb.
     0 | D:1      | Reached XP level 1. HP: 14/14 MP: 1/1
   174 | D:1      | Reached XP level 2. HP: 8/19 MP: 2/2
   689 | D:1      | Found a faded altar of an unknown god.
  1567 | D:1      | Reached XP level 3. HP: 24/24 MP: 3/3
  2584 | D:3      | Reached XP level 4. HP: 12/29 MP: 4/4
  2772 | D:3      | Found a hide-covered altar of Uskayaw.
  2774 | D:3      | Found a shadowy altar of Dithmenos.
  2774 | D:3      | Found a basalt altar of Yredelemnul.
  2776 | D:3      | Found a shimmering altar of Xom.
  2776 | D:3      | Found an iron altar of Okawaru.
  2776 | D:3      | Found a shadowy altar of Dithmenos.
  2816 | D:3      | Reached ** piety under Trog
  3031 | D:3      | Found the +7 Kryia's mail coat {PotionHeal*2 rC+}
  3089 | D:3      | Found a burning altar of Makhleb.
  3331 | D:4      | Reached XP level 5. HP: 8/34 MP: 5/5
  3593 | D:4      | Noticed Eustachio
  3643 | D:4      | Killed Eustachio
  3644 | D:4      | Reached skill level 5 in Fighting
  3644 | D:4      | Reached XP level 6. HP: 20/40 MP: 6/6
  3921 | D:4      | Found a transporter.
  3983 | D:4      | Noticed Pikel
  3998 | D:4      | Killed Pikel
  3999 | D:4      | Reached skill level 5 in Maces & Flails
  3999 | D:4      | Reached skill level 5 in Armour
  3999 | D:4      | Reached XP level 7. HP: 26/46 MP: 7/7
  3999 | D:4      | Reached XP level 8. HP: 29/51 MP: 8/8
  4160 | D:4      | Found a white marble altar of Elyvilon.
  4250 | D:4      | Noticed Robin
  4263 | D:4      | Killed Robin
  4330 | D:4      | Found a blossoming altar of Fedhas.
  4484 | D:4      | Found a transporter.
  4484 | D:4      | Noticed sirJeffrey23's ghost (weakling DsMo)
  4485 | D:4      | Identified the +5 dire flail "Gecem" {vamp, rF+ Stlth+}
  4549 | D:4      | Killed sirJeffrey23's ghost
  4784 | D:4      | Found a runed translucent door.
  4785 | D:4      | Noticed Crazy Yiuf
  4937 | D:4      | Killed Crazy Yiuf
  4965 | D:5      | Entered Level 5 of the Dungeon
  5216 | D:5      | Found a stormy altar of Qazlal.
  5423 | D:5      | Reached *** piety under Trog
  5549 | D:6      | Found a staircase to the Ecumenical Temple.
  5559 | D:6      | Reached XP level 9. HP: 46/57 MP: 9/9
  5611 | Temple   | Entered the Ecumenical Temple
  6099 | D:6      | Found a glowing golden altar of the Shining One.
  7242 | D:7      | Identified a scroll of acquirement
  7242 | D:7      | Acquired the +2 pair of boots "Buirch" {+Blink rElec}
  7629 | D:8      | Found a broken altar of Ashenzari.
  7752 | D:8      | Found an ornate altar of the Wu Jian Council.
  7891 | D:8      | Reached XP level 10. HP: 62/65 MP: 10/10
  7957 | D:8      | Reached **** piety under Trog
  7959 | D:8      | Found a basalt altar of Yredelemnul.
  8084 | D:8      | Found a sacrificial altar of Ru.
  8514 | D:8      | Noticed Maurice
  8521 | D:8      | Paralysed by Maurice for 5 turns
  8534 | D:8      | Paralysed by something for 3 turns
  8538 | D:8      | Killed Maurice
  8636 | D:9      | Noticed an orange crystal statue
  8666 | D:9      | Reached skill level 5 in Dodging
  8709 | D:9      | Identified the +0 cloak of Sajoig {Harm Rampage Str+3
                  | Int+3}
  8715 | D:9      | Identified the ring of Eliffin {rPois Int+5}
  8729 | D:9      | Slain by a troll

Illustrated notes

Levels and vault maps discovered:
D:1:      tarquinn_simple_flora_water_c, layout_basic, serial_glass,
          glass_columns_b, glass_columns_a, dreamdust_ecumenical_altar_statues,
          dreamdust_princess_corridor, kennysheep_nondescript
D:2:      layout_basic, kennysheep_pointless_box
D:3:      layout_loops_ring, lightli_temple_of_fire, doesnt_xom_only_xom,
          minmay_goblin_outpost
D:4:      layout_basic, fedhas_ov_isle_minmay, mainiacjoe_overflow_brackets,
          gammafunk_ghost_smash, st_stairs_10, feat_on_display, uniq_pikel,
          uniq_robin, uniq_crazy_yiuf_cottage, uniq_eustachio
D:5:      layout_cave_pools, nicolae_qazlal_general_emergency,
          kennysheep_big_empty_room, nrook_uturn,
          eino_small_chamber_without_monster
D:6:      layout_loops_ring, lemuel_doored_altar, minmay_temple_entry_waves,
          minmay_puff
D:7:      layout_basic
D:8:      layout_basic, nicolae_yredelemnul_corpse_copse,
          mainiacjoe_overflow_catch_the_wave, old_standard_altar, uniq_maurice
D:9:      layout_cave_pods, mainiacjoe_overflow_alcove_4, erik_lair_island,
          minmay_protected_statue
Temple:   jpeg_temple_island

Skill      XL: |  1  2  3  4  5  6  7  8  9 10 |
---------------+-------------------------------+-----
Fighting       | 4 5 6 7 8 9 |  9.7
Armour         | 3 4 5 6 8 9 |  9.4
Dodging        | 2 3 4 5 |  5.0
Maces & Flails | 4 5 6 8 |  8.9

Action                   |  1- 3 |  4- 6 |  7- 9 | 10-12 || total
-------------------------+-------+-------+-------+-------++-------
Melee: Mace              |    94 |    92 |    77 |       ||   263
       Punch             |     1 |     1 |     1 |       ||     3
       Dire flail        |       |       |   221 |   133 ||   354
Invok: Trog's Hand       |       |     2 |     2 |     2 ||     6
       Berserk           |       |     1 |     2 |     1 ||     4
  Use: Scroll            |     8 |       |     5 |       ||    13
Armor: Animal skin       |    14 |       |       |       ||    14
       Ring mail         |    15 |       |       |       ||    15
       Chain mail        |     8 |    18 |       |       ||    26
       Scale mail        |       |    85 |   180 |   140 ||   405
Dodge: Dodged            |    40 |   111 |   179 |   145 ||   475

Table legend: (Time is in decaauts)
 A = Elapsed time spent in this place.
 B = Non-inter-level travel time spent in this place.
 C = Inter-level travel time spent in this place.
 D = Time resting spent in this place.
 E = Time spent auto-exploring this place.
 F = Levels seen in this place.
 G = Mean time per level.
                   A        B        C        D        E       F      G
               +--------+--------+--------+--------+--------+-----+--------+
         Total |   8774 |   8461 |    313 |    234 |   6543 |  10 |  877.4 |
       Dungeon |   8331 |   8066 |    265 |    234 |   6155 |   9 |  925.7 |
        Temple |    442 |    394 |     48 |      0 |    388 |   1 |  442.0 |
               +--------+--------+--------+--------+--------+-----+--------+

Top non-repeatable levels by time:
     D:1: 1750 daAuts
     D:4: 1684 daAuts
     D:8: 1036 daAuts
     D:6: 922 daAuts
     D:3: 863 daAuts
     D:7: 745 daAuts
     D:2: 727 daAuts
     D:5: 509 daAuts
  Temple: 442 daAuts
     D:9: 91 daAuts
